 Dungeon Crawl Stone Soup version 0.30-a0-1124-g6e8f0f562f (webtiles) character file.

Game seed: 2872229393273325308

2179 voltaire321 the Magician (level 9, 0/52 HPs)
             Began as a Deep Elf Conjurer on Apr 23, 2023.
             Was a Follower of Vehumet.
             Succumbed to a gnoll sergeant's poison
             ... on level 7 of the Dungeon.
             The game lasted 00:18:53 (7826 turns).

voltaire321 the Magician (Deep Elf Conjurer)        Turns: 7826, Time: 00:18:53

Health: 0/52       AC:  5    Str:  8    XL:     9   Next: 11%
Magic:  11/21      EV: 14    Int: 24    God:    Vehumet [*.....]
Gold:   339        SH:  0    Dex: 13    Spells: 7/21 levels left

rFire   . . .        t - +2 dagger (freeze)
rCold   . . .        (no shield)
rNeg    . . .        a - +0 robe
rPois   .            q - +2 hat
rElec   .            (no cloak)
rCorr   .            (no gloves)
SInv    .            e - +0 pair of boots
Will    .....        (no amulet)
Stlth   ++           (no ring)
HPRegen 0.28/turn    (no ring)
MPRegen 0.17/turn

%: no passive effects
@: lethally poisoned (0 -> -6)
A: no striking features
a: Renounce Religion


You were on level 7 of the Dungeon.
You worshipped Vehumet.
Vehumet was aware of your devotion.
You visited 2 branches of the dungeon, and saw 8 of its levels.
You also visited: Sewer.

You collected 339 gold pieces.

Inventory:

Hand Weapons
 n - a +3 great mace of venom
 t - a +2 dagger of freezing (weapon)
Missiles
 x - a throwing net
Armour
 a - a +0 robe (worn)
 e - a +0 pair of boots (worn)
 q - a +2 hat (worn)
Wands
 k - a wand of flame (7)
 o - a wand of polymorph (4)
 z - a wand of iceblast (5)
Scrolls
 c - a scroll of brand weapon {unknown}
 d - a scroll of silence {unknown}
 h - 2 scrolls of amnesia {unknown}
 i - a scroll of poison {unknown}
 j - a scroll of vulnerability
 l - a scroll of blinking
 u - a scroll of identify
 y - a scroll of magic mapping {unknown}
 A - a scroll of immolation {unknown}
 D - a scroll of fear {unknown}
Potions
 b - a potion of magic
 f - a potion of heal wounds {unknown}
 g - a potion of curing
 m - 4 potions of haste
 p - a potion of flight
 r - a potion of invisibility {unknown}
 s - a potion of ambrosia {unknown}
 v - a potion of brilliance {unknown}
 w - a potion of mutation {unknown}
 B - a potion of cancellation {unknown}
 C - 2 potions of resistance {unknown}
 E - a potion of might {unknown}
 F - a potion of attraction {unknown}


   Skills:
 + Level 3.7 Fighting
 + Level 3.9 Armour
 + Level 6.4 Dodging
 - Level 2.4 Stealth
 + Level 6.9 Spellcasting
 + Level 6.9 Conjurations
 - Level 3.0 Summonings
 + Level 4.2 Fire Magic


You had 7 spell levels left.
You knew the following spells:

 Your Spells              Type           Power      Damage    Failure   Level
a - Magic Dart            Conj           100%       1d8       1%          1
b - Searing Ray           Conj           82%        2d7       1%          2
c - Call Imp              Summ           44%        N/A       3%          2
d - Flame Wave            Conj/Fire      35%        2d10      7%          4
e - Fireball              Conj/Fire      17%        3d9       21%         5

Your spell library contained the following spells:

 Spells                   Type           Power      Damage    Failure   Level
 Foxfire                  Conj/Fire      100%       2x1d9     1%          1
 Shock                    Conj/Air       96%        1d9       1%          1
 Dazzling Flash           Conj/Hex       48%        N/A       5%          3
 Stone Arrow              Conj/Erth      48%        3d10      5%          3
 Sticky Flame             Conj/Fire      35%        2d5       7%          4
 Sandblast                Erth           16%        2d6       8%          1
 Inner Flame              Hex/Fire       18%        N/A       9%          3
 Mephitic Cloud           Conj/Pois/Air  19%        N/A       9%          3
 Passwall                 Tmut/Erth      6%         N/A       11%         2
 Fulminant Prism          Conj/Hex       12%        3d8       17%         4
 Iskenderun's Mystic Bla  Conj/Tloc      24%        2d7       17%         4
 Swiftness                Air            8%         N/A       22%         3
 Airstrike                Air            4%         2d(1-17)  58%         4
 Anguish                  Hex/Necr       4%         N/A       58%         4
 Starburst                Conj/Fire      17%        6d6       73%         6
 Plasma Beam              Fire/Air       9%         2x1d21    99%         6
 Enfeeble                 Hex            4%         N/A       100%        7


Dungeon Overview and Level Annotations

Branches:
Dungeon (7/15)             Temple (1/1) D:4           Sewer (visited)

Altars:
Ashenzari
Cheibriados
Dithmenos
Fedhas
Gozag
Kikubaaqudgha
Makhleb
Sif Muna
Vehumet
Wu Jian
Xom
Yredelemnul
The Shining One


Message History

You are more poisoned.
Casting: Searing Ray (safe; 1% risk of failure)
Confirm with . or Enter, or press ? or * to list all spells.
Restarting spell: Searing Ray (safe; 1% risk of failure)
Press: ? - help, Shift-Dir - straight line, f - water moccasin
Aim: a water moccasin (almost dead, 70% to hit)
The searing ray misses the water moccasin.
The searing ray hits the gnoll sergeant!
The gnoll sergeant is heavily wounded.
The searing ray hits something! (Press . to maintain the ray.)
You feel very sick. The water moccasin closely misses you.
The centaur closely misses you. The centaur kicks you.
The gnoll sergeant hits you from afar with a +5 spear of venom!
* * * LOW HITPOINT WARNING * * *
The searing ray hits the water moccasin.
You kill the water moccasin!
Vehumet accepts your kill.
The searing ray hits the gnoll sergeant.
The gnoll sergeant is heavily wounded.
The searing ray hits something.
* * * LOW HITPOINT WARNING * * *
You feel very sick. The centaur hits you.
* * * LOW HITPOINT WARNING * * *
The centaur closely misses you. x2
The centaur kicks you but does no damage.
The gnoll sergeant barely misses you.
Unknown command.
You feel better.
The centaur hits you but does no damage.
The centaur closely misses you.
The gnoll sergeant hits you but does no damage.
You are poisoned.
You feel sick.
The centaur wields a +0 shortbow.
The centaur shoots an arrow.
The arrow hits you!
* * * LOW HITPOINT WARNING * * *
There is a stone staircase leading up here.
You die...

... .....## #.
.... .....##.
.... ...)... .
.....#..... ..
.....#.... ...
......... ....
........# .....
.......@#......
...............
......cg.......
.######.#.#.##.
#{### .# .). #
... ... #._.#


You could see a gnoll sergeant and a centaur.

Vanquished Creatures
  A steam dragon (D:6)
  A water moccasin (D:7)
  2 black bears (D:5)
  A centaur (D:6)
  A phantom (D:6)
  2 bullfrogs (Sewer)
  5 scorpions
  5 wights (D:6)
  A jelly (D:7)
  4 hounds
  9 orc priests
  A gnoll bouda (D:5)
  A sleepcap (D:4)
  2 iguanas
  5 orc wizards
  4 gnolls
  13 adders
  A river rat (D:3)
  A shadow imp (D:7)
  2 white imps
  5 dart slugs
  19 orcs
  13 ball pythons
  6 endoplasms
  8 giant cockroaches
  5 hobgoblins
  6 quokkas
  2 bats
  7 frilled lizards
  6 kobolds
  8 rats
147 creatures vanquished.

Notes
Turn   | Place    | Note
-------+----------+-------------------------------------------
     0 | D:1      | voltaire321 the Deep Elf Conjurer began the quest for the
                  | Orb.
     0 | D:1      | Reached XP level 1. HP: 10/10 MP: 6/6
   277 | D:1      | Reached XP level 2. HP: 16/16 MP: 6/8
   280 | D:1      | Learned a level 2 spell: Searing Ray
   547 | D:1      | Reached XP level 3. HP: 20/20 MP: 7/9
  1125 | D:2      | Learned a level 2 spell: Call Imp
  1511 | D:2      | Reached skill level 1 in Armour
  1692 | D:2      | Reached skill level 1 in Fighting
  1763 | D:3      | Found a glowing drain.
  1774 | D:3      | Reached XP level 4. HP: 21/25 MP: 2/11
  1796 | Sewer    | Entered a sewer
  2014 | Sewer    | Reached skill level 1 in Summonings
  2135 | Sewer    | Reached XP level 5. HP: 7/29 MP: 4/13
  2264 | Sewer    | Reached skill level 5 in Conjurations
  2486 | Sewer    | Reached XP level 6. HP: 32/35 MP: 8/14
  2929 | D:3      | Learned a level 4 spell: Flame Wave
  3077 | D:3      | Found an opulent altar of Gozag.
  3389 | D:4      | Found a staircase to the Ecumenical Temple.
  3394 | Temple   | Entered the Ecumenical Temple
  3398 | Temple   | Became a worshipper of Vehumet
  3700 | D:4      | Reached skill level 1 in Fire Magic
  4040 | D:4      | Found a shimmering altar of Xom.
  4443 | D:4      | Found a burning altar of Makhleb.
  4540 | D:5      | Entered Level 5 of the Dungeon
  4604 | D:5      | Reached XP level 7. HP: 34/40 MP: 10/16
  4646 | D:5      | Learned a level 5 spell: Fireball
  4697 | D:5      | Reached skill level 5 in Spellcasting
  5434 | D:5      | Reached skill level 5 in Dodging
  5667 | D:5      | Reached * piety under Vehumet
  5667 | D:5      | Offered knowledge of Sandblast by Vehumet.
  5668 | D:5      | Reached XP level 8. HP: 45/45 MP: 12/18
  7406 | D:6      | Reached XP level 9. HP: 51/51 MP: 14/21
  7463 | D:6      | Found a blossoming altar of Fedhas.
  7815 | D:7      | Found a glowing golden altar of the Shining One.
  7825 | D:7      | HP: 2/52 [centaur/arrow (7)]
  7826 | D:7      | Succumbed to a gnoll sergeant's poison

Illustrated notes

Levels and vault maps discovered:
D:1:      dpeg_arrival_tiny_a, layout_loops_ring
D:2:      layout_basic
D:3:      layout_loops_ring, mainiacjoe_overflow_paths,
          cheibrodos_sewer_entry_sluice
D:4:      layout_layer_cave, mainiacjoe_overflow_six_doors_small,
          mainiacjoe_overflow_catwalk, temple_doors_e
D:5:      layout_cave_pods
D:6:      layout_basic, mainiacjoe_overflow_concentric_impassable
D:7:      layout_cave_pools, minmay_ruined_shrine
Temple:   nicolae_temple_x_marks_the_god

Skill      XL: |  1  2  3  4  5  6  7  8 |
---------------+-------------------------+-----
Dodging        | 3 4 5 6 |  6.4
Armour         | 1 2 3 |  3.9
Fighting       | 1 2 3 |  3.7
Summonings     | 1 2 3 |  3.0
Spellcasting   | 4 5 6 |  6.9
Conjurations   | 5 6 |  6.9
Fire Magic     | 1 2 4 |  4.2
Stealth        | |  2.4

Action                     |  1- 3 |  4- 6 |  7- 9 || total
---------------------------+-------+-------+-------++-------
  Melee: Spear             |    14 |     2 |       ||    16
         Punch             |     1 |       |       ||     1
         Great mace        |       |     5 |    14 ||    19
         Dagger            |       |       |    26 ||    26
   Cast: Magic Dart        |    66 |    62 |    51 ||   179
         Searing Ray       |     3 |    17 |    40 ||    60
    Use: Scroll            |       |     3 |     2 ||     5
         Potion            |       |       |     4 ||     4
 Armour: Robe              |     4 |     4 |    34 ||    42
         Skin              |       |       |     5 ||     5
  Dodge: Dodged            |     9 |    23 |    85 ||   117

Table legend: (Time is in decaauts)
 A = Elapsed time spent in this place.
 B = Non-inter-level travel time spent in this place.
 C = Inter-level travel time spent in this place.
 D = Time resting spent in this place.
 E = Time spent auto-exploring this place.
 F = Levels seen in this place.
 G = Mean time per level.
                   A        B        C        D        E       F      G
               +--------+--------+--------+--------+--------+-----+--------+
         Total |   7886 |   7687 |    199 |   2310 |   4122 |   9 |  876.2 |
       Dungeon |   7043 |   6844 |    199 |   1848 |   3915 |   7 | 1006.1 |
        Temple |      8 |      8 |      0 |      0 |      0 |   1 |    8.0 |
         Sewer |    834 |    834 |      0 |    462 |    207 |   1 |  834.0 |
               +--------+--------+--------+--------+--------+-----+--------+

Top non-repeatable levels by time:
     D:5: 2013 daAuts
     D:4: 1283 daAuts
     D:6: 1271 daAuts
     D:1: 1035 daAuts
   Sewer: 834 daAuts
     D:3: 715 daAuts
     D:2: 711 daAuts
     D:7: 12 daAuts
  Temple: 8 daAuts
